 Dungeon Crawl Stone Soup version 0.21.1-1-g345015f (webtiles) character file.

704 tidbits the Charmwright (level 7, 0/56 HPs)
             Began as a Gnoll Skald on Feb 7, 2018.
             Slain by a hound (2 damage)
             ... on level 5 of the Dungeon.
             The game lasted 00:11:19 (1189 turns).

tidbits the Charmwright (Gnoll Skald)               Turns: 1189, Time: 00:11:20

Health: 0/56       AC:  4    Str: 13    XL:     7   Next: 67%
Magic:  15/15      EV: 14    Int: 18    God:
Gold:   102        SH:  0    Dex: 14    Spells: 6/17 levels left

rFire    + . .     SeeInvis .   a - +0 hand axe
rCold    . . .     Gourm    .   (no shield)
rNeg     . . .     Faith    .   B - +0 leather armour
rPois    .         Spirit   .   (no helmet)
rElec    .         Reflect  .   (no cloak)
rCorr    .         Harm     .   (no gloves)
MR       .....                  F - +0 pair of boots
Stlth    ++........             (no amulet)
HPRegen  0.18/turn              n - ring of protection from fire
MPRegen  0.14/turn              (no ring)

@: lethally poisoned (0 -> -1), singing (expiring)
A: distributed training, fangs 1, strong nose
a: no special abilities


You were on level 5 of the Dungeon.
You were hungry.

You visited 1 branch of the dungeon, and saw 5 of its levels.
You also visited: Sewer.

You collected 192 gold pieces.
You spent 90 gold pieces at shops.

Inventory:

Hand Weapons
 a - a +0 hand axe (weapon)
 b - a +2 dagger of venom
   (You took it off a kobold on level 3 of the Dungeon)
 j - a +0 dagger
 l - a +0 hunting sling
 u - a +2 short sword of electrocution
   (You found it in a sewer)
Missiles
 k - 45 stones (quivered)
 x - 15 arrows
Armour
 B - a +0 leather armour (worn)
 F - a +0 pair of boots (worn)
Jewellery
 n - a ring of protection from fire (left hand)
   (You found it on level 3 of the Dungeon)
Wands
 i - a wand of flame (18)
Scrolls
 e - 2 scrolls of enchant armour
 g - 3 scrolls of noise
 h - a scroll of remove curse
 m - 3 scrolls of teleportation
 q - 6 scrolls of blinking
 v - 2 scrolls of magic mapping {unknown}
 w - a scroll of fog {unknown}
Potions
 f - 5 potions of curing {unknown}
 o - 2 potions of resistance {unknown}
 r - a potion of flight {unknown}
 s - 2 potions of heal wounds {unknown}
 t - 3 potions of magic
Books
 d - a book of Battle

   Spells                             Type                      Level
   a - Infusion                       Charms                       1
   b - Shroud of Golubria             Charms/Translocation         2
   c - Song of Slaying                Charms                       2
   d - Spectral Weapon                Hexes/Charms                 3
   e - Regeneration                   Charms/Necromancy            3
 p - a book of Conjurations
   (You found it on level 4 of the Dungeon)

   Spells                             Type                      Level
   a - Magic Dart                     Conjuration                  1
   b - Searing Ray                    Conjuration                  2
   c - Dazzling Spray                 Conjuration/Hexes            3
   d - Fulminant Prism                Conjuration/Hexes            4
   e - Force Lance                    Conjuration/Translocation    4
   f - Iskenderun's Mystic Blast      Conjuration                  4
Comestibles
 c - 7 rations


   Skills:
 + Level 5.3 Fighting
 + Level 2.6 Short Blades
 + Level 2.6 Long Blades
 + Level 5.3 Axes
 + Level 2.6 Maces & Flails
 + Level 2.6 Polearms
 + Level 2.6 Staves
 + Level 2.6 Slings
 + Level 2.6 Bows
 + Level 2.6 Crossbows
 + Level 2.6 Throwing
 + Level 3.7 Armour
 + Level 5.3 Dodging
 + Level 2.6 Stealth
 + Level 2.6 Shields
 + Level 2.6 Unarmed Combat
 + Level 5.6 Spellcasting
 + Level 2.1 Conjurations
 + Level 2.1 Hexes
 + Level 5.9 Charms
 + Level 2.1 Summonings
 + Level 2.1 Necromancy
 + Level 2.1 Translocations
 + Level 2.1 Transmutations
 + Level 2.1 Fire Magic
 + Level 2.1 Ice Magic
 + Level 2.1 Air Magic
 + Level 2.1 Earth Magic
 + Level 2.1 Poison Magic
 + Level 2.9 Invocations
 + Level 2.6 Evocations


You had 6 spell levels left.
You knew the following spells:

 Your Spells              Type           Power        Failure   Level  Hunger
g - Shroud of Golubria    Chrm/Tloc      ###.......   4%          2    None
i - Infusion              Chrm           ####         1%          1    None
r - Regeneration          Chrm/Necr      ###.......   9%          3    ##.....
w - Spectral Weapon       Hex/Chrm       ###.....     9%          3    ##.....
y - Song of Slaying       Chrm           ####....     1%          2    None


Dungeon Overview and Level Annotations

Branches:
Dungeon (5/15)
 Temple: D:4-7

Altars:
Wu Jian

Shops:
D:4 ?

Annotations:
D:5 Sigmund


Innate Abilities, Weirdness & Mutations

Your experience applies equally to all skills.
You have very sharp teeth.
Your uncanny sense of smell can sniff out nearby items.


Message History

You barely miss the gnoll.
The gnoll is lightly wounded.
You hit the hound skeleton.
Your spectral weapon barely misses the gnoll.
Your spectral weapon hits the gnoll.
The gnoll barely misses you. The hound skeleton closely misses you.
The gnoll completely misses you.
You hit the gnoll.
The gnoll is moderately wounded.
You barely miss the hound skeleton.
Your spectral weapon hits the gnoll. x2
The hound skeleton bites you but does no damage.
The gnoll barely misses you. The gnoll completely misses you.
The hound skeleton closely misses you.
You hit the gnoll.
The gnoll is severely wounded.
You hit the hound skeleton.
Your spectral weapon hits the gnoll!
You kill the gnoll!
Your spectral weapon hits the gnoll.
The gnoll misses your spectral weapon.
The hound skeleton completely misses you.
The gnoll barely misses your spectral weapon.
The adder bites you.
You are poisoned.
The adder poisons you!
Things that are here:
a spear; a gnoll corpse Unknown command.
You hit the hound skeleton.
The hound skeleton is almost destroyed.
You barely miss the adder. You hit the gnoll.
You feel sick.
Your spectral weapon barely misses the hound skeleton.
Your spectral weapon hits the gnoll.
You kill the gnoll!
The hound skeleton bites you but does no damage.
The adder bites you.
The hound skeleton bites you but does no damage.
You slash the sky beast!
The sky beast is moderately wounded.
You miss the adder. You hit the hound skeleton.
You destroy the hound skeleton!
You hear a bark!
Your spectral weapon closely misses the sky beast.
The adder barely misses you. x2; The sky beast flickers out of sight!
Something hits you. Something shocks you.
A gnoll comes into view. It is wielding a halberd.
You closely miss something. Your bite misses something.
You closely miss the adder.
You feel sick. The adder barely misses you.
Something hits you but does no damage.
A hound comes into view.
You slash the adder!
The adder is heavily wounded.
You slash something! The adder barely misses you.
Your spectral weapon hits the adder!
You kill the adder!
Your spectral weapon barely misses something.
Something hits you but does no damage.
Unknown command.
You miss something.
You feel sick.
Your spectral weapon closely misses something.
Something hits you. Something shocks you. The gnoll closely misses you.
Something barely misses you.
You see here an adder corpse.
Unknown command.
The gnoll closely misses you. Something hits you. Something shocks you.
* * * LOW HITPOINT WARNING * * *
You hit the gnoll. You bite the gnoll, but do no damage.
The gnoll is lightly wounded.
You miss something.
You feel sick.
Your spectral weapon hits the gnoll!
The gnoll closely misses you. Something hits you but does no damage.
Unknown command.
You hit the gnoll.
You kill the gnoll!
You closely miss something. You closely miss the hound. The hound misses you.
Something hits you but does no damage.
Unknown command.
You barely miss the hound. You hit something but do no damage.
Your song is almost over.
Your spectral weapon fades away.
The hound closely misses you. The hound barely misses you. Something hits you.
* * * LOW HITPOINT WARNING * * *
Something shocks you.
* * * LOW HITPOINT WARNING * * *
Casting: Spectral Weapon
Confirm with . or Enter, or press ? or * to list all spells.
You draw out your weapon's spirit!
You are feeling hungry.
The hound bites you.
* * * LOW HITPOINT WARNING * * *
Something hits you.
* * * LOW HITPOINT WARNING * * *
Something shocks you.
* * * LOW HITPOINT WARNING * * *
Okay, then.
It was a potion of magic.
Magic courses through your body.
* * * LOW HITPOINT WARNING * * *
You feel sick. The hound bites you.
You die...

.# ... ....##
.
∆.....#######
..
#.).....###...
#.@h(.<#.....
#..{)....#
#......###
#.....<#
#......#
########


You could see a hound and a friendly spectral hand axe.

Vanquished Creatures
  An ogre (D:4)
  2 bullfrogs (Sewer)
  2 electric eels (D:4)
  A bullfrog skeleton (D:4)
  3 worker ants (D:4)
  A hound skeleton (D:5)
  4 gnolls (D:5)
  15 adders
  2 river rats (Sewer)
  2 oozes
  4 worms
  3 dart slugs
  3 leopard geckos
  2 orcs
  5 giant cockroaches
  3 goblins
  3 hobgoblins
  A quokka (D:3)
  12 ball pythons (Sewer)
  7 bats
  3 frilled lizards
  8 kobolds
  A quokka skeleton (D:4)
  29 rats
117 creatures vanquished.

Notes
Turn   | Place    | Note
-------+----------+-------------------------------------------
     0 | D:1      | tidbits the Gnoll Skald began the quest for the Orb.
     0 | D:1      | Reached XP level 1. HP: 20/20 MP: 6/6
    75 | D:1      | Reached XP level 2. HP: 25/26 MP: 0/7
    88 | D:1      | Learned a level 2 spell: Song of Slaying
    91 | D:1      | Learned a level 2 spell: Shroud of Golubria
   231 | D:2      | Reached XP level 3. HP: 24/31 MP: 2/9
   239 | D:2      | Reached skill level 5 in Spellcasting
   250 | D:2      | Learned a level 3 spell: Regeneration
   254 | D:2      | Learned a level 3 spell: Spectral Weapon
   352 | D:3      | Reached skill level 1 in Invocations
   377 | D:4      | Found Dedaib's Magic Scroll Boutique.
   381 | D:4      | Reached skill level 1 in Short Blades
   381 | D:4      | Reached skill level 1 in Long Blades
   381 | D:4      | Reached skill level 1 in Maces & Flails
   381 | D:4      | Reached skill level 1 in Polearms
   381 | D:4      | Reached skill level 1 in Staves
   381 | D:4      | Reached skill level 1 in Slings
   381 | D:4      | Reached skill level 1 in Bows
   381 | D:4      | Reached skill level 1 in Crossbows
   381 | D:4      | Reached skill level 1 in Throwing
   381 | D:4      | Reached skill level 1 in Stealth
   381 | D:4      | Reached skill level 1 in Shields
   381 | D:4      | Reached skill level 1 in Unarmed Combat
   381 | D:4      | Reached skill level 1 in Evocations
   381 | D:4      | Reached XP level 4. HP: 26/38 MP: 4/11
   443 | D:3      | Reached skill level 1 in Conjurations
   443 | D:3      | Reached skill level 1 in Hexes
   443 | D:3      | Reached skill level 1 in Summonings
   443 | D:3      | Reached skill level 1 in Necromancy
   443 | D:3      | Reached skill level 1 in Translocations
   443 | D:3      | Reached skill level 1 in Transmutations
   443 | D:3      | Reached skill level 1 in Fire Magic
   443 | D:3      | Reached skill level 1 in Ice Magic
   443 | D:3      | Reached skill level 1 in Air Magic
   443 | D:3      | Reached skill level 1 in Earth Magic
   443 | D:3      | Reached skill level 1 in Poison Magic
   504 | D:3      | Reached XP level 5. HP: 20/43 MP: 1/12
   523 | D:3      | Found an ornate altar of the Wu Jian Council.
   564 | D:4      | Found a transporter.
   583 | D:4      | Reached skill level 3 in Armour
   593 | D:4      | Found a transporter.
   622 | D:4      | Reached XP level 6. HP: 50/50 MP: 5/13
   644 | D:4      | Bought a scroll of blinking for 90 gold pieces
   659 | D:4      | Reached skill level 2 in Invocations
   732 | D:4      | Found a glowing drain.
   777 | Sewer    | Entered a sewer
   848 | Sewer    | Reached skill level 5 in Fighting
   848 | Sewer    | Reached skill level 5 in Axes
   848 | Sewer    | Reached skill level 5 in Dodging
   861 | Sewer    | Reached skill level 2 in Short Blades
   861 | Sewer    | Reached skill level 2 in Long Blades
   861 | Sewer    | Reached skill level 2 in Maces & Flails
   861 | Sewer    | Reached skill level 2 in Polearms
   861 | Sewer    | Reached skill level 2 in Staves
   861 | Sewer    | Reached skill level 2 in Slings
   861 | Sewer    | Reached skill level 2 in Bows
   861 | Sewer    | Reached skill level 2 in Crossbows
   861 | Sewer    | Reached skill level 2 in Throwing
   861 | Sewer    | Reached skill level 2 in Stealth
   861 | Sewer    | Reached skill level 2 in Shields
   861 | Sewer    | Reached skill level 2 in Unarmed Combat
   861 | Sewer    | Reached skill level 2 in Evocations
   996 | Sewer    | Reached XP level 7. HP: 37/56 MP: 8/15
  1061 | D:5      | Entered Level 5 of the Dungeon
  1063 | D:5      | Noticed Sigmund
  1138 | D:4      | Reached skill level 2 in Conjurations
  1138 | D:4      | Reached skill level 2 in Hexes
  1138 | D:4      | Reached skill level 2 in Summonings
  1138 | D:4      | Reached skill level 2 in Necromancy
  1138 | D:4      | Reached skill level 2 in Translocations
  1138 | D:4      | Reached skill level 2 in Transmutations
  1138 | D:4      | Reached skill level 2 in Fire Magic
  1138 | D:4      | Reached skill level 2 in Ice Magic
  1138 | D:4      | Reached skill level 2 in Air Magic
  1138 | D:4      | Reached skill level 2 in Earth Magic
  1138 | D:4      | Reached skill level 2 in Poison Magic
  1188 | D:5      | HP: 3/56 [something (5)]
  1189 | D:5      | Slain by a hound

Skill      XL: |  1  2  3  4  5  6  7 |
---------------+----------------------+-----
Spellcasting   | 5 |  5.6
Invocations    | 1 2 |  2.9
Short Blades   | 1 2 |  2.6
Long Blades    | 1 2 |  2.6
Maces & Flails | 1 2 |  2.6
Polearms       | 1 2 |  2.6
Staves         | 1 2 |  2.6
Slings         | 1 2 |  2.6
Bows           | 1 2 |  2.6
Crossbows      | 1 2 |  2.6
Throwing       | 1 2 |  2.6
Stealth        | 1 2 |  2.6
Shields        | 1 2 |  2.6
Unarmed Combat | 1 2 |  2.6
Evocations     | 1 2 |  2.6
Conjurations   | 1 2 |  2.1
Hexes          | 1 2 |  2.1
Summonings     | 1 2 |  2.1
Necromancy     | 1 2 |  2.1
Translocations | 1 2 |  2.1
Transmutations | 1 2 |  2.1
Fire Magic     | 1 2 |  2.1
Ice Magic      | 1 2 |  2.1
Air Magic      | 1 2 |  2.1
Earth Magic    | 1 2 |  2.1
Poison Magic   | 1 2 |  2.1
Armour         | 3 |  3.7
Fighting       | 5 |  5.3
Axes           | 5 |  5.3
Dodging        | 5 |  5.3
Charms         | |  5.9

Action                   |  1- 3 |  4- 6 |  7- 9 || total
-------------------------+-------+-------+-------++-------
Melee: Hand axe          |    63 |   107 |    42 ||   212
       Bite              |     4 |    11 |     4 ||    19
       Dagger            |       |     7 |       ||     7
 Cast: Infusion          |     5 |     1 |       ||     6
       Spectral Weapon   |     4 |    13 |     7 ||    24
       Shroud of Golubri |       |     5 |     1 ||     6
       Regeneration      |       |     4 |       ||     4
       Song of Slaying   |       |     3 |     1 ||     4
Evoke: Wand              |       |     3 |       ||     3
  Use: Scroll            |       |     4 |       ||     4
       Potion            |       |       |     1 ||     1
 Stab: Sleeping          |     3 |       |     1 ||     4
       Distracted        |       |     1 |     1 ||     2
  Eat: Chunk             |       |     2 |     1 ||     3
Armor: Leather armour    |    17 |    22 |    15 ||    54
Dodge: Dodged            |    54 |    93 |    55 ||   202

Table legend:
 A = Turns spent in this place as a percentage of turns spent in the entire game.
 B = Non-inter-level travel turns spent in this place as a percentage of non-inter-level travel turns spent in the entire game.
 C = Inter-level travel turns spent in this place as a percentage of turns spent in this place.
 D = Turns resting spent in this place as a percentage of non-inter-level travel turns spent in this place.
 E = Turns spent auto-exploring this place as a percentage of non-inter-level travel turns spent in this place.
 F = Non-inter-level travel turns spent in this place divided by the number of levels of this place that you've seen.
                   A       B       C       D       E      F
               +-------+-------+-------+-------+-------+----------------------
         Total | 100.0 | 100.0 |   0.0 |   0.0 |   0.0 | 198.2
       Dungeon |  78.7 |  78.7 |   0.0 |   0.0 |   0.0 | 187.2
         Sewer |  21.3 |  21.3 |   0.0 |   0.0 |   0.0 | 253.0
               +-------+-------+-------+-------+-------+----------------------

Table legend:
 A = Kills in this place as a percentage of kills in entire the game.
 B = Kills by you in this place as a percentage of kills by you in the entire game.
 C = Kills by friends in this place as a percentage of kills by friends in the entire game.
 D = Other kills in this place as a percentage of other kills in the entire game.
 E = Experience gained in this place as a percentage of experience gained in the entire game.
 F = Experience gained in this place divided by the number of levels of this place that you have seen.
                   A       B       C       D       E      F
               +-------+-------+-------+-------+-------+----------------------
         Total | 100.0 | 100.0 |   N/A |   N/A | 100.0 | 167.8
       Dungeon |  59.0 |  59.0 |   N/A |   N/A |  67.9 | 136.8
         Sewer |  41.0 |  41.0 |   N/A |   N/A |  32.1 | 323.0
               +-------+-------+-------+-------+-------+----------------------

Vault maps used:
D:1:      lightli_arrival_farm, chequers_big_river
D:2:      nemelex_lonely_heart_becter
D:3:      lemuel_coloured_pillars_altar, first_ration
D:4:      gammafunk_steamed_eel, cheibrodos_sewer_entry_sluice, serial_shops,
          shop
D:5:      uniq_sigmund, uniq_eustachio, uniq_blork_the_orc
Sewer:    sewer_minmay_w
